 Dungeon Crawl Stone Soup version 0.28.0-45-g0d030f2227 (webtiles) character file.

Game seed: 12638619416158747653

4619 pkoi the Grappler (level 10, -4/83 HPs)
             Began as a Demigod Gladiator on Apr 4, 2022.
             Slain by Erica
             ... wielding a +0 scimitar of flaming
              (10 damage)
             ... on level 1 of the Lair of Beasts.
             The game lasted 00:13:44 (7855 turns).

pkoi the Grappler (Demigod Gladiator)               Turns: 7855, Time: 00:13:44

Health: -4/83      AC:  6    Str: 27    XL:     10   Next: 0%
Magic:  13/13      EV: 15    Int: 16    God:
Gold:   232        SH:  0    Dex: 19    Spells: 9/9 levels left

rFire   + . .      SeeInvis .     - Unarmed
rCold   . . .      Faith    .   (no shield)
rNeg    . . .      Spirit   .   a - +0 leather armour
rPois   .          Reflect  .   B - +0 helmet of Noughts and Crosses {+Blink Str+4}
rElec   .          Harm     .   (no cloak)
rCorr   .          Rampage  .   f - +1 pair of gloves
Will    +....                   (no boots)
Stlth   +.........              n - amulet of regeneration
HPRegen 1.03/turn               d - ring of protection from fire
MPRegen 0.13/turn               j - +6 ring of intelligence

@: mighty, slowed, very slow
A: high MP 1, forlorn, divine attributes
a: Evoke Blink


You were on level 1 of the Lair of Beasts.
You visited 3 branches of the dungeon, and saw 10 of its levels.

You collected 479 gold pieces.
You spent 247 gold pieces at shops.

Inventory:

Hand Weapons
 p - a +1 whip of protection
 q - a +2 short sword of venom
 v - a +0 quarterstaff of speed
 x - the +7 rapier of Yliw {freeze, Drain rF+ Str+4}
   (You found it on level 5 of the Dungeon)

   It freezes those it strikes, dealing additional cold damage.
   It can also slow down cold-blooded creatures.
   Str:       It affects your strength (+4).
   rF:        It protects you from fire.
   Drain:     It drains your maximum health when unequipped.
Missiles
 c - 4 throwing nets (quivered)
 i - 3 poisoned darts
 k - 19 boomerangs
Armour
 a - a +0 leather armour (worn)
 f - a +1 pair of gloves (worn)
 B - the +0 helmet of Noughts and Crosses (worn) {+Blink Str+4}
   (You bought it in a shop on level 7 of the Dungeon)

   Str:       It affects your strength (+4).
   +Blink:    It lets you blink.
Magical Staves
 u - a staff of air
Jewellery
 d - a ring of protection from fire (left hand)
 j - a +6 ring of intelligence (right hand)
 n - an amulet of regeneration (around neck)
 A - the amulet "Finifade" {Spirit Harm rF- rCorr Int+2}
   (You found it on level 5 of the Dungeon)

   [amulet of guardian spirit]

   It causes incoming damage to be divided between your reserves of health and
   magic.
   Int:       It affects your intelligence (+2).
   rF:        It makes you vulnerable to fire.
   rCorr:     It protects you from acid and corrosion.
   Harm:      It increases damage dealt and taken.
Scrolls
 y - 2 scrolls of amnesia
 z - 2 scrolls of identify
Potions
 g - a potion of haste
 h - a potion of attraction
 l - 2 potions of magic
 m - a potion of curing
 s - a potion of flight
 t - a potion of brilliance
 w - a potion of might


   Skills:
 + Level 5.7 Fighting
 - Level 1.7 Throwing
 + Level 6.1 Dodging
 * Level 11.7 Unarmed Combat


You had 9 spell levels left.
You didn't know any spells.
Your spell library contained the following spells:

 Spells                   Type           Power      Damage    Failure   Level
 Gell's Gravitas          Tloc           0%         N/A       63%         3
 Lesser Beckoning         Tloc           0%         N/A       63%         3
 Teleport Other           Tloc           0%         N/A       63%         3


Dungeon Overview and Level Annotations

Branches:
Dungeon (8/15)             Temple (1/1) D:5            Lair (1/6) D:8

Shops:
D:7 [

Annotations:
D:7 Dowan
Lair:1 Erica


Innate Abilities, Weirdness & Mutations

You have an increased reservoir of magic. (+10% MP)
You shall have no god before yourself.
Your divine heritage dramatically boosts your attributes as you level up.


Message History

You hit the komodo dragon but do no damage.
The komodo dragon is severely wounded.
The komodo dragon misses you.
You hit the komodo dragon.
The komodo dragon is almost dead.
The komodo dragon bites you.
* * * LOW HITPOINT WARNING * * *
You pummel the komodo dragon!!
You kill the komodo dragon!
You have reached level 10!
You punch something! Something hits you!
* * * LOW HITPOINT WARNING * * *
Something burns you.
* * * LOW HITPOINT WARNING * * *
You closely miss something. Something hits you!
* * * LOW HITPOINT WARNING * * *
Something burns you.
* * * LOW HITPOINT WARNING * * *
You punch something! You pummel something!! You punch something.
You punch something!
You hear some strange, mumbled words.
You feel yourself slow down.
You miss something. Your punch misses something.
You hear some strange, mumbled words.
Something tries to affect you, but you resist.
You closely miss something. Something hits you!
* * * LOW HITPOINT WARNING * * *
Something burns you.
* * * LOW HITPOINT WARNING * * *
You miss something. Something hits you.
* * * LOW HITPOINT WARNING * * *
You feel very mighty all of a sudden. Something barely misses you.
You hear some strange, mumbled words.
Something tries to affect you, but you resist.
You barely miss something. Something hits you!
* * * LOW HITPOINT WARNING * * *
You pummel something!! Something hits you!
You die...

#..# #.#####..
####.######........
..#......†..##
†≈.#.######..# ≈....#
#.## .<...# #.# .....#
#.# ## ≈..P.##
###.#####P###.##
≈≈≈#..###.#.†..{@......#
≈≈.#........#########.#.
≈≈...######.# .##..#
##.# . ##.# #..# #.#
##.## # #.# ##..####
#..#.#####P.#.#P###
..................#


There were no monsters in sight!

Vanquished Creatures
  Pikel (D:8)
  A cane toad (Lair:1)
  2 komodo dragons (Lair:1)
  A troll (D:8)
  Menkaure (D:7)
  A water moccasin (Lair:1)
  Duvessa (D:7)
  A black bear (D:5)
  3 necrophages
  4 wolves (D:7)
  2 centaurs (D:7)
  3 phantoms
  A bullfrog (Lair:1)
  A gnoll sergeant (D:4)
  A wyvern zombie (D:8)
  3 scorpions
  2 wyvern skeletons
  A howler monkey (D:8)
  11 wights
  An electric eel (Lair:1)
  3 hounds
  A bullfrog zombie (D:6)
  2 orc priests
  2 jellies (D:6)
  4 iguanas
  7 orc wizards
  A howler monkey zombie (D:6)
  8 gnolls
  A howler monkey skeleton (D:6)
  4 adders
  2 white imps
  An ufetubus (D:3)
  4 worms
  3 dart slugs
  28 orcs
  7 bats
  5 endoplasms
  5 hobgoblins
  7 kobolds
  7 ball pythons
  5 frilled lizards
  4 goblins
  8 rats
161 creatures vanquished.

Vanquished Creatures (collateral kills)
  A hound (D:7)
1 creature vanquished.

Vanquished Creatures (others)
  5 fungi (Lair:1)
  A plant (Lair:1)
6 creatures vanquished.

Grand Total: 168 creatures vanquished

Notes
Turn   | Place    | Note
-------+----------+-------------------------------------------
     0 | D:1      | pkoi the Demigod Gladiator began the quest for the Orb.
     0 | D:1      | Reached XP level 1. HP: 17/17 MP: 3/3
   376 | D:1      | Reached skill level 3 in Unarmed Combat
   635 | D:1      | Reached XP level 2. HP: 20/24 MP: 4/4
  1581 | D:2      | Reached skill level 4 in Unarmed Combat
  1581 | D:2      | Reached XP level 3. HP: 29/29 MP: 5/5
  1782 | D:2      | Reached XP level 4. HP: 9/36 MP: 6/6
  2216 | D:3      | Reached skill level 5 in Unarmed Combat
  2530 | D:3      | Reached XP level 5. HP: 40/41 MP: 7/7
  2640 | D:4      | Noticed a necrophage
  2962 | D:4      | Reached skill level 6 in Unarmed Combat
  2962 | D:4      | Reached XP level 6. HP: 35/48 MP: 8/8
  3121 | D:4      | Reached XP level 7. HP: 33/57 MP: 9/9
  3496 | D:5      | Entered Level 5 of the Dungeon
  3502 | D:5      | Identified the +7 rapier of Yliw {freeze, Drain rF+ Str+4}
  3585 | D:4      | Reached skill level 7 in Unarmed Combat
  3821 | D:5      | Identified the amulet "Finifade" {Spirit Harm rF- rCorr
                  | Int+2}
  3853 | D:5      | Found a staircase to the Ecumenical Temple.
  3859 | Temple   | Entered the Ecumenical Temple
  4720 | D:5      | Reached XP level 8. HP: 17/66 MP: 10/10
  4863 | D:6      | Reached skill level 8 in Unarmed Combat
  4992 | D:7      | Noticed Duvessa
  4992 | D:7      | Noticed Dowan
  5044 | D:7      | Found Anotzy Daum's Antique Armour Emporium.
  5047 | D:7      | Bought an ichor-stained helmet for 247 gold pieces
  5047 | D:7      | Identified the +0 helmet of Noughts and Crosses {+Blink
                  | Str+4} (You bought it in a shop on level 7 of the Dungeon)
  5076 | D:7      | Reached skill level 5 in Dodging
  5368 | D:7      | Noticed Menkaure
  5372 | D:7      | Killed Menkaure
  5483 | D:7      | Killed Duvessa
  5484 | D:7      | Reached skill level 5 in Fighting
  6021 | D:7      | Reached skill level 9 in Unarmed Combat
  6305 | D:8      | Noticed a troll
  6334 | D:7      | Reached XP level 9. HP: 8/74 MP: 11/11
  6665 | D:8      | Reached skill level 10 in Unarmed Combat
  7226 | D:8      | Found a staircase to the Lair.
  7388 | D:8      | Noticed Pikel
  7407 | D:8      | Killed Pikel
  7577 | Lair:1   | Entered Level 1 of the Lair of Beasts
  7585 | Lair:1   | Reached skill level 11 in Unarmed Combat
  7641 | Lair:1   | Noticed a cane toad
  7659 | Lair:1   | Killed a cane toad
  7737 | Lair:1   | Noticed a komodo dragon
  7746 | Lair:1   | Killed a komodo dragon
  7801 | Lair:1   | Noticed a komodo dragon
  7817 | Lair:1   | Noticed Erica
  7818 | Lair:1   | Noticed a cane toad
  7844 | Lair:1   | Killed a komodo dragon
  7845 | Lair:1   | Reached XP level 10. HP: 51/83 MP: 13/13
  7855 | Lair:1   | Slain by Erica

Illustrated notes

Levels and vault maps discovered:
D:1:      minmay_arrival_open_corners, layout_loops_ring,
          hellmonk_ecumenical_altar_arch_garden, grunt_decor_fettered,
          serial_bayou_pond_d
D:2:      layout_loops_corners
D:3:      layout_rooms
D:4:      layout_loops_ring, tso_altar
D:5:      layout_rooms, minmay_temple_entry_enclosed_plants
D:6:      layout_rooms, dk_xom_monty_hall, overflow_temple_1_default
D:7:      layout_loops_ring, lemuel_coloured_pillars_altar,
          hangedman_decor_riveting, nicolae_concentric_dashed_squares_mild,
          grunt_ministairs_5, nicolae_stop_n_shop_2, uniq_duvessa, uniq_menkaure
D:8:      layout_basic, erik_lair_island, uniq_pikel
Temple:   eino_temple_rhombus
Lair:1:   layout_small_grid, enter_volcano_3, grunt_megastairs_2,
          infiniplex_staircase_pool, uniq_urug, uniq_erica

Skill      XL: |  1  2  3  4  5  6  7  8  9 |
---------------+----------------------------+-----
Unarmed Combat | 3 4 5 6 7 9 11 | 11.7
Fighting       | 2 3 4 5 |  5.7
Dodging        | 3 4 5 6 |  6.1
Throwing       | |  1.7

Action                   |  1- 3 |  4- 6 |  7- 9 | 10-12 || total
-------------------------+-------+-------+-------+-------++-------
Melee: Unarmed           |   137 |   219 |   344 |    10 ||   710
       Punch             |     3 |     8 |    27 |     1 ||    39
Throw: Dart              |     3 |       |     7 |       ||    10
       Throwing net      |       |       |     1 |       ||     1
  Use: Scroll            |       |     7 |     9 |       ||    16
       Potion            |       |       |     8 |     1 ||     9
 Stab: Sleeping          |     1 |       |     1 |       ||     2
       Invisible         |       |       |     1 |       ||     1
       Held in net/web   |       |       |     1 |       ||     1
Armor: Leather armour    |    51 |    64 |    68 |       ||   183
       Skin              |       |       |    10 |       ||    10
Dodge: Dodged            |    81 |   162 |   229 |     1 ||   473
